Map: 死亡光環 - 天梯版

Players

MoRiArTy

  • Race: Protoss Protoss
  • League: Grandmaster
  • Spawn Location: 11:00

Rex - Winner!

  • Race: Zerg Zerg
  • League: Master
  • Spawn Location: 5:00

Event: DreamHack SC2 Masters 2020 Winter

VOD

Have the link to the VOD?

Description

Time

  • Played on: Oct. 13, 2020, 7:33 a.m.
  • Length: 10:06

All games in this series

Show
View Real Time Build Order
Export as new Build Order

MoRiArTy Protoss 

Build Orders: 1 Gate Expand, Chargelot Immortal 

Get SALT Encoding   

  12  0:00  Probe  
  13  0:12  Probe  
  14  0:17  Pylon  
  14  0:24  Probe (Chrono Boost)  
  15  0:36  Probe (Chrono Boost)  
  15  0:37  Gateway  
  16  0:44  Probe (Chrono Boost)  
  16  0:45  Assimilator  
  17  0:50  Probe  
  18  1:03  Probe  
  19  1:15  Probe  
  20  1:23  Nexus  
  20  1:32  Cybernetics Core  
  20  1:38  Assimilator  
  20  1:40  Probe (Chrono Boost)  
  21  1:48  Pylon  
  21  1:52  Probe (Chrono Boost)  
  22  1:59  Probe (Chrono Boost)  
  23  2:06  Probe  
  24  2:09  Stalker (Chrono Boost)  
  24  2:10  Warp Gate  
  26  2:19  Probe  
  27  2:23  Twilight Council  
  27  2:31  Probe  
  27  2:34  Probe  
  29  2:44  Robotics Facility, Probe  
  30  2:47  Probe  
  31  2:56  Probe, Sentry  
  34  2:59  Probe  
  35  3:08  Probe  
  35  3:11  Probe  
  37  3:12  Charge (Chrono Boost)  
  37  3:20  Probe  
  37  3:23  Probe  
  39  3:29  Gateway  
  39  3:31  Gateway  
  39  3:33  Observer (Chrono Boost)  
  40  3:34  Gateway  
  40  3:35  Probe x2  
  40  3:40  Pylon  
  42  3:46  Warp Prism (Chrono Boost)  
  42  3:47  Probe  
  45  3:51  Probe  
  45  3:54  Pylon  
  46  4:04  Zealot, Probe  
  46  4:05  Pylon  
  46  4:09  Probe  
  50  4:12  Pylon  
  50  4:15  Forge  
  50  4:17  Probe  
  51  4:19  Immortal (Chrono Boost)  
  55  4:26  Zealot  
  55  4:28  Zealot  
  59  4:37  Probe  
  59  4:38  Probe  
  61  4:41  Pylon  
  61  4:46  Protoss Ground Weapons Level 1 (Chrono Boost)  
  61  4:48  Immortal (Chrono Boost)  
  65  5:02  Nexus  
  65  5:04  Pylon  
  65  5:13  Sentry  
  67  5:14  Sentry  
  67  5:19  Probe x2  
  71  5:24  Gateway x2  
  71  5:26  Gateway  
  71  5:27  Immortal (Chrono Boost)  
  71  5:31  Probe  
  76  5:44  Sentry  
  76  5:49  Pylon  
  78  5:53  Zealot x3  
  78  5:54  Gateway  
  84  5:57  Immortal (Chrono Boost)  
  88  6:10  Zealot  
  88  6:11  Probe  
  91  6:17  Zealot x3  
  97  6:20  Probe x2  
  99  6:30  Zealot x4  
  107  6:37  Stalker x3  
  107  6:39  Probe  
  114  6:41  Pylon  
  114  6:43  Pylon  
  114  6:45  Protoss Ground Weapons Level 2 (Chrono Boost)  
  114  6:57  Zealot  
  116  7:01  Zealot x5  
  126  7:25  Stalker x2  
  126  7:26  Zealot x3  
  126  7:27  Zealot  
  119  7:39  Zealot x2  
  114  7:47  Zealot x3  
  114  7:48  Zealot  
  114  7:49  Immortal (Chrono Boost)  
  116  7:53  Zealot x2  
  86  8:19  Zealot x8  
  90  8:20  Probe x3  
  90  8:25  Immortal (Chrono Boost)  
  97  8:39  Sentry x2  
  97  8:40  Probe x2  
  103  8:41  Sentry  
  103  8:42  Zealot  
  103  8:43  Zealot x4  
  103  8:46  Pylon  
  114  9:10  Zealot x8  
  114  9:14  Pylon  
  130  9:18  Pylon  
  130  9:37  Zealot x2  
  130  9:38  Zealot x5  
  140  9:39  Zealot  
Show
View Real Time Build Order
Export as new Build Order

Rex Zerg - Winner!

Build Orders: Hatch First 

Get SALT Encoding   

  12  0:00  Drone  
  13  0:12  Overlord  
  13  0:18  Drone  
  14  0:31  Drone x2  
  16  0:49  Hatchery  
  15  0:51  Drone  
  15  0:54  Drone  
  17  0:58  Drone  
  18  1:06  Extractor  
  17  1:14  Spawning Pool  
  17  1:17  Drone  
  17  1:21  Drone  
  18  1:28  Drone  
  19  1:41  Drone  
  20  1:51  Overlord  
  20  2:00  Queen  
  20  2:01  Queen  
  24  2:02  Zergling x4  
  26  2:12  Drone  
  26  2:14  Drone  
  28  2:23  Drone x2  
  30  2:38  Hatchery  
  30  2:41  Queen  
  31  2:45  Drone  
  31  2:48  Drone  
  33  2:53  Overlord  
  33  2:54  Drone  
  33  2:57  Drone  
  35  2:59  Pneumatized Carapace  
  35  3:03  Drone  
  36  3:11  Drone x3  
  38  3:13  Drone  
  38  3:17  Overlord  
  39  3:23  Drone x2  
  39  3:26  Metabolic Boost  
  41  3:28  Queen  
  41  3:32  Overlord  
  43  3:37  Drone x2  
  45  3:43  Drone x4  
  49  3:52  Drone, Roach Warren  
  49  3:55  Overlord  
  49  3:58  Drone  
  49  4:01  Queen  
  49  4:02  Drone  
  53  4:05  Overlord  
  53  4:20  Spine Crawler  
  53  4:21  Zergling x16  
  60  4:33  Roach x6  
  60  4:38  Overlord  
  72  4:41  Spore Crawler  
  72  4:44  Overlord  
  71  4:49  Roach x3  
  77  4:55  Drone  
  77  4:56  Drone x3  
  77  4:58  Drone x2  
  77  4:59  Drone  
  84  5:01  Drone  
  84  5:03  Extractor  
  84  5:04  Drone, Extractor  
  84  5:07  Drone x4  
  84  5:12  Drone  
  89  5:14  Drone  
  89  5:20  Overlord  
  90  5:24  Drone x2  
  92  5:29  Overlord  
  92  5:30  Extractor  
  92  5:31  Extractor  
  92  5:33  Lair  
  90  5:36  Drone x4  
  90  5:38  Drone  
  90  5:41  Drone x3  
  95  5:46  Extractor  
  95  5:47  Drone x3  
  95  5:48  Drone  
  95  5:49  Drone x2  
  100  6:01  Roach x5  
  110  6:06  Overlord x2  
  110  6:14  Roach  
  110  6:16  Overlord x4  
  112  6:28  Roach x8  
  126  6:35  Roach  
  126  6:36  Ravager x3  
  131  6:41  Roach  
  131  6:42  Roach x3  
  131  6:45  Overseer  
  131  6:47  Roach  
  141  6:53  Roach x5  
  151  6:57  Roach x2  
  155  7:01  Roach  
  155  7:02  Roach x2  
  160  7:08  Overlord  
  160  7:09  Roach  
  162  7:22  Overlord  
  162  7:25  Roach Warren  
  162  7:27  Overlord x2  
  159  7:30  Zergling x16  
  159  7:31  Evolution Chamber  
  159  7:33  Zergling x2  
  159  7:36  Zergling x2  
  159  7:37  Zergling x4  
  160  7:44  Zergling x6  
  151  7:47  Zergling x2  
  151  7:48  Zergling x2  
  151  7:49  Zergling x2  
  128  8:04  Zergling x2  
  112  8:05  Zergling x10  
  112  8:06  Zergling x4  
  112  8:07  Zergling x2  
  117  8:14  Zergling x6  
  117  8:18  Spire  
  120  8:20  Drone x2  
  120  8:23  Drone x4  
  120  8:26  Glial Reconstitution  
  125  8:32  Drone  
  126  8:44  Hatchery  
  126  8:46  Roach  
  126  8:47  Roach x4  
  135  8:52  Ravager x2  
  135  8:53  Baneling Nest  
  135  8:54  Roach x4  
  144  9:15  Roach  
  144  9:16  Roach x8  
  162  9:18  Ravager x5  
  162  9:19  Overlord, Ravager x3  
  162  9:20  Overlord  
  162  9:21  Ravager x4  
  172  9:38  Roach x5  
  172  9:42  Roach x6  
  178  9:45  Roach  
Tags
 
Add a new tag
Caveats
  • Supply blocks, unpowered buildings, or Contaminate may cause inaccurate times.
  • Supply counts are checked every 10 seconds.